 Dungeon Crawl Stone Soup version 0.29-a0-334-gb41bcbb86e (webtiles) character file.

Game seed: 14581900758223310179

722 Jortsu the Chopper (level 7, -9/61 HPs)
             Began as a Hill Orc Fighter on Apr 14, 2022.
             Mangled by Pikel
             ... wielding a +1 whip of electrocution
              (14 damage)
             ... on level 4 of the Dungeon.
             The game lasted 00:05:03 (4684 turns).

Jortsu the Chopper (Hill Orc Fighter)               Turns: 4684, Time: 00:05:03

Health: -9/61      AC:  8    Str: 21    XL:     7   Next: 71%
Magic:  0/7        EV:  9    Int:  8    God:
Gold:   238        SH:  5    Dex: 10    Spells: 6/6 levels left

rFire   + . .      SeeInvis .   a - +1 war axe
rCold   . . .      Faith    .   c - +1 buckler
rNeg    . . .      Spirit   +   b - +0 scale mail
rPois   .          Reflect  .   j - +0 helmet
rElec   .          Harm     .   (no cloak)
rCorr   .          Rampage  .   (no gloves)
Will    .....                   (no boots)
Stlth   ..........              h - amulet of guardian spirit
HPRegen 0.20/turn               k - ring of protection from fire
MPRegen 0.10/turn               (no ring)

@: no status effects
A: no striking features
a: no special abilities


You were on level 4 of the Dungeon.
You visited 1 branch of the dungeon, and saw 4 of its levels.

You collected 238 gold pieces.

Inventory:

Hand Weapons
 a - a +1 war axe (weapon)
Armour
 b - a +0 scale mail (worn)
 c - a +1 buckler (worn)
 j - a +0 helmet (worn)
Jewellery
 h - an amulet of guardian spirit (around neck)
 i - an amulet of magic regeneration
 k - a ring of protection from fire (left hand)
Scrolls
 f - 2 scrolls of blinking
 g - a scroll of immolation
 p - a scroll of identify
Potions
 d - a potion of lignification {unknown}
 e - a potion of magic
 l - a potion of curing
 m - a potion of heal wounds {unknown}
 n - a potion of mutation
 o - a potion of attraction


   Skills:
 + Level 5.4 Fighting
 + Level 7.5 Axes
 + Level 5.7 Armour
 + Level 1.2 Dodging
 + Level 0.5 Stealth
 + Level 3.8 Shields


You had 6 spell levels left.
You didn't know any spells.
Your spell library was empty.

Dungeon Overview and Level Annotations

Branches:
Dungeon (4/15)
 Temple: D:4-7

Altars:
Hepliaklqana
Trog

Shops:
D:1 !!=*

Annotations:
D:4 Pikel


Message History

The lemure is severely wounded.
The lemure hits you.
You hit the lemure.
The lemure is almost dead.
The lemure hits you.
You hit the lemure but do no damage.
The lemure is almost dead.
The lemure hits you but does no damage.
Pikel cracks his whip.
You hit the lemure but do no damage.
The lemure is almost dead.
The lemure hits you.
You slash the lemure!
You kill the lemure!
That felt strangely unrewarding.
Pikel waves his whip at you.
Pikel hits you with a +1 whip of electrocution.
You barely miss Pikel.
Pikel hits you with a +1 whip of electrocution!
You barely miss Pikel.
Pikel hits you with a +1 whip of electrocution!
You barely miss Pikel.
Pikel hits you with a +1 whip of electrocution.
You completely miss Pikel.
Pikel hits you with a +1 whip of electrocution!
You slash Pikel!
Pikel is moderately wounded.
Pikel hits you with a +1 whip of electrocution.
You are electrocuted!
* * * LOW HITPOINT WARNING * * *
Pikel barely misses you.
You closely miss Pikel.
Pikel is moderately wounded.
Pikel hits you but does no damage.
You closely miss Pikel.
Pikel is moderately wounded.
Pikel hits you with a +1 whip of electrocution!
* * * LOW HITPOINT WARNING * * *
You are electrocuted!
You die...

.# .# .# .# 5#
#########5#
#...<#.)#K#
#.##.#..@.#
#.#...#.### .
#.#...#.#######.##
#.#...........#..#
#.#
##.#####.#####.##.#
#.#
#######........#
#.##.# #.#
#.............##
#.##.# #.#
#.............#
#.##.# #.#
#.............#
#.##.## #.#


You could see Pikel and 2 lemures.

Vanquished Creatures
  Grinder (D:4)
  Sigmund (D:3)
  Menkaure (D:4)
  A lemure (D:4)
  A hound (D:3)
  2 iguanas (D:4)
  Robin (D:3)
  An adder (D:2)
  8 gnolls
  A worm (D:4)
  2 dart slugs
  2 orcs
  2 endoplasms
  3 giant cockroaches
  9 goblins
  12 hobgoblins
  7 jackals
  2 quokkas
  5 ball pythons
  4 bats
  4 frilled lizards
  3 kobolds
  6 rats
79 creatures vanquished.

Notes
Turn   | Place    | Note
-------+----------+-------------------------------------------
     0 | D:1      | Jortsu the Hill Orc Fighter began the quest for the Orb.
     0 | D:1      | Reached XP level 1. HP: 19/19 MP: 1/1
   106 | D:1      | Found Fexkaun's Jewellery Boutique.
   160 | D:1      | Found Asuonliu's General Store.
   259 | D:1      | Reached XP level 2. HP: 10/27 MP: 2/2
   552 | D:1      | Reached skill level 3 in Axes
   599 | D:1      | Found Jooc's Distillery.
   650 | D:1      | Found Hyirghau's Distillery.
  1068 | D:2      | Reached XP level 3. HP: 32/33 MP: 3/3
  1094 | D:2      | Reached skill level 4 in Axes
  1096 | D:2      | Reached XP level 4. HP: 8/40 MP: 4/4
  2051 | D:3      | Found a faded altar of an unknown god.
  2101 | D:3      | Reached XP level 5. HP: 24/46 MP: 5/5
  2139 | D:4      | Noticed Menkaure
  2149 | D:4      | Killed Menkaure
  2150 | D:4      | Reached skill level 5 in Axes
  2150 | D:4      | Reached skill level 1 in Dodging
  2150 | D:4      | Reached XP level 6. HP: 10/53 MP: 1/6
  3220 | D:3      | Noticed Robin
  3230 | D:3      | Killed Robin
  3361 | D:3      | Noticed Sigmund
  3386 | D:3      | Killed Sigmund
  3387 | D:3      | Reached skill level 6 in Axes
  3387 | D:3      | Reached skill level 5 in Armour
  3387 | D:3      | Reached XP level 7. HP: 27/60 MP: 4/7
  3864 | D:3      | Found a bloodstained altar of Trog.
  3980 | D:4      | Noticed Grinder
  3991 | D:4      | Paralysed by Grinder for 2 turns
  3994 | D:4      | Paralysed by Grinder for 7 turns
  4006 | D:4      | Killed Grinder
  4007 | D:4      | Reached skill level 5 in Fighting
  4007 | D:4      | Reached skill level 7 in Axes
  4575 | D:4      | Found a hazy altar of Hepliaklqana.
  4667 | D:4      | Noticed Pikel
  4684 | D:4      | Mangled by Pikel

Illustrated notes

Levels and vault maps discovered:
D:1:      dpeg_arrival_stone_temple_mockup, layout_basic, serial_shops,
          nicolae_shop_statue_plus, nicolae_shop_hallway_plus,
          nicolae_lakefront_shop, shop
D:2:      layout_loops_ring
D:3:      layout_basic, mainiacjoe_overflow_surrounded_room,
          hellmonk_ecumenical_altar_blasted, serial_park_tiny_pond, uniq_robin,
          uniq_sigmund
D:4:      layout_basic, mainiacjoe_overflow_boulevard, uniq_pikel, uniq_grinder,
          uniq_menkaure

Skill      XL: |  1  2  3  4  5  6  7 |
---------------+----------------------+-----
Axes           | 3 4 5 6 7 |  7.5
Fighting       | 4 5 |  5.4
Armour         | 4 5 |  5.7
Dodging        | 1 |  1.2
Stealth        | |  0.5
Shields        | |  3.8

Action                   |  1- 3 |  4- 6 |  7- 9 || total
-------------------------+-------+-------+-------++-------
Melee: War axe           |    64 |   125 |    63 ||   252
  Use: Scroll            |     7 |     2 |     3 ||    12
       Potion            |       |     1 |       ||     1
Armor: Scale mail        |    47 |    45 |    20 ||   112
Dodge: Dodged            |    41 |    54 |    14 ||   109
Block: Buckler           |    23 |    30 |     8 ||    61

Table legend: (Time is in decaauts)
 A = Elapsed time spent in this place.
 B = Non-inter-level travel time spent in this place.
 C = Inter-level travel time spent in this place.
 D = Time resting spent in this place.
 E = Time spent auto-exploring this place.
 F = Levels seen in this place.
 G = Mean time per level.
                   A        B        C        D        E       F      G
               +--------+--------+--------+--------+--------+-----+--------+
         Total |   4754 |   4734 |     20 |   1666 |   2342 |   4 | 1188.5 |
       Dungeon |   4754 |   4734 |     20 |   1666 |   2342 |   4 | 1188.5 |
               +--------+--------+--------+--------+--------+-----+--------+

Top non-repeatable levels by time:
     D:4: 1381 daAuts
     D:3: 1317 daAuts
     D:2: 1048 daAuts
     D:1: 1006 daAuts
